 Dungeon Crawl Stone Soup version 0.28.0-45-g0d030f2227 (webtiles) character file.

Game seed: 587518704919252772

787 dianekeaton the Basher (level 7, -3/57 HPs)
             Began as a Minotaur Fighter on Apr 12, 2022.
             Slain by an unseen horror (5 damage)
             ... on level 7 of the Dungeon.
             The game lasted 00:07:46 (3957 turns).

dianekeaton the Basher (Minotaur Fighter)           Turns: 3957, Time: 00:07:46

Health: -3/57      AC:  9    Str: 22    XL:     7   Next: 56%
Magic:  6/6        EV:  9    Int:  5    God:
Gold:   157        SH:  4    Dex: 10    Spells: 6/6 levels left

rFire   . . .      SeeInvis .   a - +0 flail
rCold   . . .      Faith    .   c - +0 buckler
rNeg    . . .      Spirit   .   b - +0 scale mail
rPois   .          Reflect  .   (helmet restricted)
rElec   .          Harm     .   (no cloak)
rCorr   .          Rampage  .   (no gloves)
Will    .....                   g - +1 pair of boots
Stlth   ..........              (no amulet)
HPRegen 0.19/turn               (no ring)
MPRegen 0.10/turn               (no ring)

@: no status effects
A: horns 2, retaliatory headbutt
a: no special abilities


You were on level 7 of the Dungeon.
You visited 1 branch of the dungeon, and saw 7 of its levels.

You collected 157 gold pieces.

Inventory:

Hand Weapons
 a - a +0 flail (weapon)
Missiles
 k - 3 boomerangs (quivered)
Armour
 b - a +0 scale mail (worn)
 c - a +0 buckler (worn)
 g - a +1 pair of boots (worn)
Jewellery
 e - a +6 ring of dexterity
Scrolls
 h - 5 scrolls of identify
 i - a scroll of teleportation {unknown}
 j - a scroll of vulnerability
 l - a scroll of fog
Potions
 d - a potion of mutation {unknown}
 f - a potion of brilliance {unknown}
 m - a potion of degeneration


   Skills:
 - Level 3.6 Fighting
 + Level 10.2 Maces & Flails
 + Level 0.1 Throwing
 - Level 3.6 Armour
 - Level 1.3 Dodging
 - Level 3.6 Shields


You had 6 spell levels left.
You didn't know any spells.
Your spell library contained the following spells:

 Spells                   Type           Power      Damage    Failure   Level
 Sandblast                Erth           0%         2d4       88%         1
 Passwall                 Tmut/Erth      0%         N/A       95%         2
 Stone Arrow              Conj/Erth      0%         3d7       99%         3


Dungeon Overview and Level Annotations

Branches:
Dungeon (7/15)
 Temple: D:4-7

Altars:

Shops:
D:6 [[

Annotations:
D:4 Duvessa
D:6 Edmund, Sigmund


Innate Abilities, Weirdness & Mutations

You have a pair of horns on your head.
You reflexively headbutt those who attack you in melee.


Message History

You miss something. Your headbutt misses something.
Something hits you but does no damage. x2
You sock something! Something completely misses you.
Something hits you but does no damage.
You hit something but do no damage. Something hits you.
Something completely misses you. Something hits you.
You sock something!
Reactivating autopickup.
You feel a bit more experienced. Something hits you.
* * * LOW HITPOINT WARNING * * *
Deactivating autopickup; reactivate with Ctrl-A.
Things that are here:
a +0 dagger; a +0 robe You hit something.
Something hits you.
* * * LOW HITPOINT WARNING * * *
Something hits you but does no damage.
Items here: )) [ †.
Something hits you but does no damage.
Things that are here:
a +0 mace; an orc corpse Something hits you but does no damage.
You sock something! Your headbutt misses something. Something hits you.
* * * LOW HITPOINT WARNING * * *
Something hits you but does no damage.
You barely miss something. You block something's attack.
Something hits you but does no damage. x2
You hit something. Your headbutt misses something. Something hits you.
* * * LOW HITPOINT WARNING * * *
Something hits you but does no damage. Something hits you.
* * * LOW HITPOINT WARNING * * *
There is a stone staircase leading down, spattered with blood here.
Something hits you but does no damage.
You hit something but do no damage. Something hits you.
* * * LOW HITPOINT WARNING * * *
Something hits you but does no damage.
There is a stone staircase leading up here.
Something hits you but does no damage. Something hits you.
* * * LOW HITPOINT WARNING * * *
You closely miss something. Something hits you.
You die...

... ≈≈≈≈≈# ..
≈≈≈≈P .. ≈≈≈P♣ .
≈≈≈P♣ .♣≈≈≈≈#
######≈≈ P≈##
#......♣ ≈.. #@#
#.# ###<###.###
#...>..)..##.#
#.#.##)).....#
...#.##.)#.##.#
#... ..##.........
#########.#####.##
#.# # #..


There were no monsters in sight!

Vanquished Creatures
  An ogre (D:4)
  An ice beast (D:5)
  Blork the orc (D:5)
  2 scorpions
  Dowan (D:4)
  2 bullfrog zombies
  An iguana (D:5)
  A centaur skeleton (D:4)
  3 orc wizards
  A hound skeleton (D:5)
  4 gnolls (D:5)
  3 adders
  A shadow imp (D:5)
  A worm (D:3)
  A dart slug (D:1)
  7 orcs
  7 ball pythons
  6 bats
  6 endoplasms
  2 giant cockroaches (D:1)
  6 goblins
  6 hobgoblins
  7 jackals
  A quokka (D:3)
  3 frilled lizards (D:1)
  7 kobolds
  5 rats
87 creatures vanquished.

Notes
Turn   | Place    | Note
-------+----------+-------------------------------------------
     0 | D:1      | dianekeaton the Minotaur Fighter began the quest for the
                  | Orb.
     0 | D:1      | Reached XP level 1. HP: 19/19 MP: 0/0
    39 | D:1      | Reached skill level 3 in Maces & Flails
    44 | D:1      | Reached XP level 2. HP: 23/26 MP: 1/1
   255 | D:1      | Reached skill level 1 in Dodging
   435 | D:1      | Reached skill level 4 in Maces & Flails
   435 | D:1      | Reached XP level 3. HP: 30/31 MP: 2/2
  1341 | D:2      | Reached skill level 5 in Maces & Flails
  1341 | D:2      | Reached XP level 4. HP: 39/39 MP: 3/3
  1438 | D:2      | Found a faded altar of an unknown god.
  1691 | D:3      | Noticed a scorpion
  1696 | D:3      | Killed a scorpion
  1697 | D:3      | Reached skill level 6 in Maces & Flails
  1880 | D:3      | Reached XP level 5. HP: 43/45 MP: 4/4
  2368 | D:4      | Reached skill level 7 in Maces & Flails
  2528 | D:4      | Noticed an ogre
  2534 | D:4      | HP: 2/45 [ogre/+0 giant club (28)]
  2535 | D:4      | Killed an ogre
  2536 | D:4      | Reached XP level 6. HP: 2/51 MP: 5/5
  2828 | D:4      | Noticed Dowan
  2851 | D:4      | Killed Dowan
  2852 | D:4      | Reached skill level 8 in Maces & Flails
  2852 | D:4      | Noticed Duvessa
  2859 | D:5      | Entered Level 5 of the Dungeon
  2923 | D:5      | Noticed an ice beast
  2943 | D:5      | Killed an ice beast
  2948 | D:5      | Reached skill level 9 in Maces & Flails
  2948 | D:5      | Reached XP level 7. HP: 7/57 MP: 6/6
  3462 | D:5      | Noticed Blork the orc
  3481 | D:5      | Killed Blork the orc
  3726 | D:5      | Reached skill level 10 in Maces & Flails
  3850 | D:6      | Found Giuhop's Antique Armour Emporium.
  3860 | D:6      | Found Ikhlazai's Antique Armour Shop.
  3899 | D:6      | Noticed Edmund
  3900 | D:6      | Noticed Sigmund
  3956 | D:7      | HP: 2/57 [something (3)]
  3957 | D:7      | Slain by an unseen horror

Illustrated notes

Levels and vault maps discovered:
D:1:      minmay_arrival_wavy_path, layout_basic, kennysheep_doodads,
          st_stairs_8, minmay_tripent
D:2:      layout_basic, hellmonk_ecumenical_altar_crossroads
D:3:      layout_basic
D:4:      layout_cave_pods, serial_column_ruins, column_ruins_circle_large,
          column_ruins_hut, column_ruins_grid_1, column_ruins_columns_straight,
          column_ruins_grid_1, column_ruins_corridor_straight,
          column_ruins_corridor_straight, uniq_duvessa
D:5:      layout_basic, uniq_blork_the_orc
D:6:      layout_rooms, bloody_trog, minmay_temple_entry_mini_moons,
          serial_shops, shop, shop, nicolae_stop_n_shop_1, kennysheep_mini_moat,
          shop, sigmund_edmund_badplayer
D:7:      cheibrodos_wizards_tower, layout_loops_cross, serial_bayou_ford_a,
          uniq_joseph, uniq_menkaure, uniq_prince_ribbit1

Skill      XL: |  1  2  3  4  5  6  7 |
---------------+----------------------+-----
Maces & Flails | 3 4 5 6 7 9 10 | 10.2
Dodging        | 1 |  1.3
Fighting       | |  3.6
Throwing       | |  0.1
Armour         | |  3.6
Shields        | |  3.6

Action                   |  1- 3 |  4- 6 |  7- 9 || total
-------------------------+-------+-------+-------++-------
Melee: Flail             |    79 |    83 |    74 ||   236
       Headbutt          |     7 |    10 |    11 ||    28
Throw: Throwing net      |       |       |     1 ||     1
       Boomerang         |       |       |     1 ||     1
  Use: Potion            |       |     2 |       ||     2
       Scroll            |       |     6 |       ||     6
Armor: Scale mail        |    43 |    34 |    48 ||   125
Dodge: Dodged            |    39 |    31 |    31 ||   101
Block: Buckler           |    15 |    14 |    14 ||    43
